[Event "*** Titled Tuesday Blitz"]
[Site "Chess.com"]
[Date "2020.11.10"]
[Round "3"]
[White "Agnes66678"]
[Black "maximnovik"]
[Result "1-0"]
[WhiteElo "2351"]
[BlackElo "2526"]
[TimeControl "180+1"]
[EndTime "10:29:38 PST"]
[Termination "Agnes66678 won by resignation"]

1. Nf3 Nf6 2. g3 g6 3. Bg2 Bg7 4. O-O O-O 5. c4 d5 6. cxd5 Nxd5 7. d4 Nc6 8. Nc3 e5 9. Nxd5 e4 10. Ne5 Qxd5 11. Nxc6 Qxc6 12. e3 Be6 13. b3 Bd5 14. Bb2 Qd7 15. Rc1 c6 16. f3 f5 17. f4 Bf6 18. Qd2 g5 19. Rf2 Kh8 20. Bf1 Rg8 21. fxg5 Rxg5 22. Bh3 Rag8 23. Rcf1 Be6 24.
d5 Bxb2 25. Qxb2+ R8g7 26. dxe6 Qxe6 27. Bxf5 Qh6 28. Bxe4 Rxg3+ 29. hxg3 Qxe3 30. Bg2 Kg8 31. Qe2 1-0

[Event "*** Titled Tuesday Blitz"]
[Site "Chess.com"]
[Date "2020.11.10"]
[Round "3"]
[White "Chessdude1987"]
[Black "m_ezat"]
[Result "0-1"]
[WhiteElo "2289"]
[BlackElo "2493"]
[TimeControl "180+1"]
[EndTime "10:29:52 PST"]
[Termination "m_ezat won by resignation"]

1. e4 e5 2. f4 exf4 3. Bc4 d5 4. Bxd5 Nf6 5. Nf3 Nxd5 6. exd5 Qxd5 7. Nc3 Qh5 8. O-O Bd6 9. d4 O-O 10. Ne4 Qd5 11.
Nxd6 Qxd6 12. Ne5 Nc6 13. Bxf4 Qxd4+ 14. Kh1 Qc5 15. Nd3 Qb6 16. Qh5 Be6 17. Rae1 Rae8 18. Be3 Qa5 19. Bc5 b6 20. b4 Nxb4 21. Nxb4 Qxc5 22. Qxc5 bxc5 23. Na6 Bc4 24. Rg1 Bxa6 0-1

[Event "*** Titled Tuesday Blitz"]
[Site "Chess.com"]
[Date "2020.11.10"]
[Round "3"]
[White "rugbyclub"]
[Black "Chessalary"]
[Result "0-1"]
[WhiteElo "2221"]
[BlackElo "2437"]
[TimeControl "180+1"]
[EndTime "10:29:53 PST"]
[Termination "Chessalary won by resignation"]

1. d4 d5 2. Bf4 Nf6 3. e3 c5 4. c3 Nc6 5. Nd2 e6 6. Bd3 Be7 7. Ngf3 O-O 8. h4 cxd4 9. exd4 Bd6 10.
Ne5 Qc7 11. Ndf3 h6 12. Qd2 Ng4 13. Qe2 f6 14. Nxg4 Bxf4 15. g3 e5 16. gxf4 e4 17. Ne3 exd3 18. Qxd3 Re8 19. O-O-O Qxf4 20. Kb1 Qxf3 0-1

[Event "*** Titled Tuesday Blitz"]
[Site "Chess.com"]
[Date "2020.11.10"]
[Round "3"]
[White "Chuchofrio1"]
[Black "Chamal_Gedgafov"]
[Result "0-1"]
[WhiteElo "2322"]
[BlackElo "2159"]
[TimeControl "180+1"]
[EndTime "10:29:54 PST"]
[Termination "Chamal_Gedgafov won by resignation"]

1. d4 e6 2. c4 Nf6 3. Nc3 Bb4 4. e3 O-O 5. Ne2 b6 6. a3 Be7 7. Nf4 Bb7 8. Bd3 d5 9. cxd5 exd5 10. O-O Re8 11. b4 a6 12. Nh5 Nbd7 13. Qf3 Nxh5 14. Qxh5 Nf6 15. Qh3 Ne4 16. f3 Nf6 17. Bd2 g6 18.
Ne2 Bd6 19. Ng3 Qe7 20. Rae1 Rad8 21. Bb1 h5 22. e4 dxe4 23. Nxe4 Nh7 24. Ng5 Nxg5 25.
Qh4 Nxf3+ 0-1

[Event "*** Titled Tuesday Blitz"]
[Site "Chess.com"]
[Date "2020.11.10"]
[Round "3"]
[White "Paralinch"]
[Black "Sergey85Rodchenkov"]
[Result "1-0"]
[WhiteElo "2817"]
[BlackElo "2455"]
[TimeControl "180+1"]
[EndTime "10:29:58 PST"]
[Termination "Paralinch won by resignation"]

1. e4 c5 2. Nf3 d6 3. d4 cxd4 4. Nxd4 Nf6 5. Nc3 a6 6. Be3 e5 7. Nf3 Be7 8. Bc4 Be6 9. Bb3 O-O 10. O-O b5 11. Qe2 h6 12. Rfd1 Qc7 13. a4 b4 14.
Nd5 Bxd5 15. exd5 Nbd7 16. a5 Nc5 17. Bc4 Nfe4 18. Nd2 Nxd2 19. Bxd2 Rab8 20. c3 bxc3 21. Bxc3 f5 22. Bxe5 Rfe8 23. Qf3 Ne4 24. b3 Bg5 25. Qxf5 Rxe5 26. Qxe5 dxe5 27. d6+ Qxc4 28. bxc4 Kf7 29. Rab1 Rxb1 30. Rxb1 Nxd6 31. Rb6 Nxc4 32. Rxa6 Bd2 33. Ra7+ Ke6 34. a6 Ba5 35. Rxg7 Nb6 36. a7 1-0

[Event "*** Titled Tuesday Blitz"]
[Site "Chess.com"]
[Date "2020.11.10"]
[Round "3"]
[White "German_Bazeev"]
[Black "JozefKneht"]
[Result "1-0"]
[WhiteElo "2735"]
[BlackElo "2514"]
[TimeControl "180+1"]
[EndTime "10:29:59 PST"]
[Termination "German_Bazeev won by checkmate"]

1. d4 Nf6 2. Nf3 e6 3. c4 Bb4+ 4. Bd2 Qe7 5. g3 Nc6 6. Bg2 Bxd2+ 7. Nbxd2 d6 8. Nf1 a5 9. Ne3 O-O 10. O-O e5 11. Nd5 Nxd5 12. cxd5 Nxd4 13. Nxd4 exd4 14. Re1 Bd7 15. Qxd4 c5 16. dxc6 bxc6 17. e4 Rab8 18. b3 Rfd8 19. Rac1 Be8 20. e5 d5 21. Qc5 Qe6 22.
Qxa5 d4 23. Qd2 Rb5 24. f4 c5 25. Bf1 Rb7 26. Bc4 Qg4 27. e6 Rc7 28. Re5 h6 29. Rce1 Kh7 30. Qd3+ Kg8 31. exf7+ Bxf7 32. Re8+ Rxe8 33.
Rxe8# 1-0

[Event "*** Titled Tuesday Blitz"]
[Site "Chess.com"]
[Date "2020.11.10"]
[Round "3"]
[White "TigrVShlyape"]
[Black "Rital44"]
[Result "1-0"]
[WhiteElo "2855"]
[BlackElo "2460"]
[TimeControl "180+1"]
[EndTime "10:29:59 PST"]
[Termination "TigrVShlyape won by resignation"]

1. d4 Nf6 2. Nf3 g6 3. c3 Bg7 4. Bg5 b6 5. Nbd2 Bb7 6. e3 d6 7. a4 a6 8. Bc4 Nbd7 9. O-O h6 10. Bh4 g5 11. Bg3 Nh5 12. Ne5 Nxe5 13. Bxe5 dxe5 14. Qxh5 O-O 15. Nf3 e4 16. Nd2 Bd5 17. Bxd5 Qxd5 18.
h4 e6 19. hxg5 hxg5 20. f3 exf3 21. e4 Qa5 22. Nxf3 f6 23. g4 c5 24. Rf2 cxd4 25. cxd4 Qb4 26. Raf1 Rac8 27. Rh2 Rf7 28. Nxg5 Qxd4+ 29.
Kh1 Re7 30. Qh7+ Kf8 31. Qg6 f5 32. gxf5 1-0

[Event "*** Titled Tuesday Blitz"]
[Site "Chess.com"]
[Date "2020.11.10"]
[Round "3"]
[White "maxip32"]
[Black "GMTalks_Youtube"]
[Result "0-1"]
[WhiteElo "2404"]
[BlackElo "2631"]
[TimeControl "180+1"]
[EndTime "10:29:59 PST"]
[Termination "GMTalks_Youtube won by resignation"]

1. e4 e5 2. Nf3 Nc6 3. Bc4 Nf6 4. d3 Bc5 5. O-O d6 6. c3 h6 7. a4 a5 8. Na3 O-O 9. Nc2 Ne7 10. Be3 Bxe3 11. Nxe3 c6 12. Bb3 Ng6 13. Re1 Re8 14. Bc2 d5 15. exd5 cxd5 16. d4 e4 17. Nd2 Ra6 18.
f3 Nf4 19. fxe4 Nxe4 20. Nxd5 Nh3+ 21. gxh3 Rg6+ 22. Kf1 Bxh3+ 23. Ke2 Bg4+ 24. Kd3 Nf2+ 0-1

[Event "*** Titled Tuesday Blitz"]
[Site "Chess.com"]
[Date "2020.11.10"]
[Round "3"]
[White "TimofeevAr"]
[Black "IMRosen"]
[Result "1-0"]
[WhiteElo "2841"]
[BlackElo "2562"]
[TimeControl "180+1"]
[EndTime "10:30:01 PST"]
[Termination "TimofeevAr won by checkmate"]

1. c4 e6 2. Nf3 d5 3. e3 Nf6 4. b3 c5 5. Bb2 Nc6 6. Be2 d4 7. exd4 cxd4 8. d3 Be7 9. O-O O-O 10. Re1 a5 11. Bf1 Bd6 12. Na3 e5 13. Nb5 Bb8 14. h3 Re8 15. g3 h6 16. Bg2 Bf5 17. a3 Ra6 18. Qd2 Nd7 19. b4 axb4 20. axb4 Rxa1 21.
Rxa1 Qe7 22. c5 Nf6 23. Na3 e4 24. dxe4 Nxe4 25. Qe1 d3 26. b5 Ne5 27. Nd4 d2 28.
Qe2 Nxg3 29. fxg3 Qxc5 30. Kh1 Re7 31. Nxf5 Rd7 32. Rd1 Qb4 33. Bxe5 Bxe5 34. Qxe5 Qb3 35. Qxg7# 1-0

[Event "*** Titled Tuesday Blitz"]
[Site "Chess.com"]
[Date "2020.11.10"]
[Round "3"]
[White "VitaliyBernadskiy"]
[Black "BegmuratovKh2010"]
[Result "1-0"]
[WhiteElo "2737"]
[BlackElo "2441"]
[TimeControl "180+1"]
[EndTime "10:30:01 PST"]
[Termination "VitaliyBernadskiy won on time"]

1. e4 e5 2. Nf3 Nc6 3. Bb5 Nf6 4. O-O Nxe4 5. d4 Nd6 6. Ba4 e4 7. Ne5 Be7 8. Nc3 O-O 9. Bf4 Nf5 10. Nxe4 Nfxd4 11. Nxc6 Nxc6 12. Bb3 d6 13. Qh5 Nd4 14. Rfe1 Nxb3 15.
axb3 Be6 16. Rad1 b6 17. Rd3 Bf6 18. Bg5 1-0

[Event "*** Titled Tuesday Blitz"]
[Site "Chess.com"]
[Date "2020.11.10"]
[Round "3"]
[White "crazy_but_lazy"]
[Black "rasmussvane"]
[Result "0-1"]
[WhiteElo "2463"]
[BlackElo "2879"]
[TimeControl "180+1"]
[EndTime "10:30:02 PST"]
[Termination "rasmussvane won by resignation"]

1. d4 d5 2. c4 e6 3. Nc3 a6 4. cxd5 exd5 5. Nf3 Nf6 6. Bg5 Be6 7. Bxf6 Qxf6 8. Qb3 b6 9. e3 Qd8 10. Rd1 Bd6 11.
Be2 O-O 12. O-O Nd7 13. h3 h6 14. Rd2 Nf6 15. Ne5 c5 16. Qc2 Qc7 17. Rfd1 Bxe5 18.
dxe5 Qxe5 19. Bf3 Rad8 20. Qa4 a5 21. Qb5 Rd6 22. Ne2 Rfd8 23. Nf4 Bf5 24. Qb3 d4 25. Nd3 Qe7 26. exd4 Rxd4 27. Qc3 Qd6 0-1

[Event "*** Titled Tuesday Blitz"]
[Site "Chess.com"]
[Date "2020.11.10"]
[Round "3"]
[White "vrekhson"]
[Black "Vasily85"]
[Result "0-1"]
[WhiteElo "2199"]
[BlackElo "2397"]
[TimeControl "180+1"]
[EndTime "10:30:03 PST"]
[Termination "Vasily85 won on time"]

1. e4 c5 2. Nf3 e6 3. c3 Nf6 4.
e5 Nd5 5. d4 cxd4 6. cxd4 d6 7.
Nc3 Nxc3 8. bxc3 dxe5 9. Nxe5 Nd7 10. Bf4 Be7 11. Bd3 Nxe5 12. Bxe5 Bf6 13. f4 O-O 14. O-O b6 15. Qf3 Bd7 16. Be4 Rc8 17. Bb7 Rc4 18. Ba6 b5 19. Rab1 Bxe5 20. fxe5 Qa5 21. Qb7 Bc8 22.
Qxb5 Qxa6 23. Rxf7 Rxf7 0-1

[Event "*** Titled Tuesday Blitz"]
[Site "Chess.com"]
[Date "2020.11.10"]
[Round "3"]
[White "SamuelGhimpu2003"]
[Black "Radzio1987"]
[Result "1-0"]
[WhiteElo "2565"]
[BlackElo "2792"]
[TimeControl "180+1"]
[EndTime "10:30:04 PST"]
[Termination "SamuelGhimpu2003 won by resignation"]

1. d4 d5 2. Nc3 Nf6 3. Bf4 e6 4. e3 c5 5. Nb5 Na6 6. c3 Be7 7. h3 O-O 8. Nf3 Bd7 9. a4 Bxb5 10. axb5 Nc7 11. Be2 Bd6 12. dxc5 Bxc5 13. O-O Bd6 14. Ne5 Qe7 15. c4 Rfd8 16. Qb3 Ne4 17. Rfd1 Qh4 18. Nd3 Bxf4 19. exf4 Nd6 20. cxd5 Nxd5 21. Bf3 Nxf4 22.
Nxf4 Qxf4 23. b6 axb6 24. Rxa8 Rxa8 25. Qxb6 Nf5 26. Rd8+ 1-0

[Event "*** Titled Tuesday Blitz"]
[Site "Chess.com"]
[Date "2020.11.10"]
[Round "3"]
[White "TorFredrikKaasen"]
[Black "Hikaru"]
[Result "0-1"]
[WhiteElo "2722"]
[BlackElo "3213"]
[TimeControl "180+1"]
[EndTime "10:30:06 PST"]
[Termination "Hikaru won by resignation"]

1. e4 d5 2. exd5 Qxd5 3. Nc3 Qa5 4. d4 c6 5. Nf3 Bf5 6. Bc4 e6 7. O-O Nd7 8. Nh4 Bg6 9. Nxg6 hxg6 10. Re1 Bd6 11.
h3 Ngf6 12. d5 cxd5 13. Nxd5 O-O-O 14. Bd2 Qc5 15. Nxf6 Nxf6 16. Bd3 Bc7 17. Bc3 Rh5 18.
Qf3 Qd6 19. g3 Rxh3 20. Be5 Qc5 21. b4 Qd5 22. Qxd5 Nxd5 23. Bxg7 Nxb4 24. Bf6 Nxd3 25. cxd3 Rxd3 26. Rac1 Kd7 27. Bh4 g5 28. Kg2 Rxh4 29.
gxh4 gxh4 30. Rh1 Bb6 31. Rcd1 h3+ 32. Kh2 Bc7+ 0-1

[Event "*** Titled Tuesday Blitz"]
[Site "Chess.com"]
[Date "2020.11.10"]
[Round "3"]
[White "ShapkinAnatoliy"]
[Black "anon481216"]
[Result "1/2-1/2"]
[WhiteElo "2609"]
[BlackElo "2406"]
[TimeControl "180+1"]
[EndTime "10:30:08 PST"]
[Termination "Game drawn by repetition"]

1. d4 Nf6 2. c4 e6 3. g3 d5 4. Nf3 dxc4 5. Bg2 Nc6 6. O-O Rb8 7.
Nc3 b5 8. Ne5 Nxe5 9. dxe5 Nd7 10.
Bc6 a6 11. Be3 Bb7 12. Bxb7 Rxb7 13. Qd4 Bc5 14. Qe4 Rb6 15. Rad1 Bxe3 16. Qxe3 O-O 17.
Rd2 Qe7 18. Rfd1 Nc5 19. Ne4 Nxe4 20. Qxe4 h6 21. Rd7 Qc5 22. Qf4 Rbb8 23. Qd4 Qxd4 24. R1xd4 Rbc8 25. Kf1 f6 26. exf6 Rxf6 27. Ke1 Rf7 28. f4 Rcf8 29. Rxf7 Rxf7 30. Rd8+ Rf8 31. Rd7 Rf7 32. Rd8+ Rf8 33. Rd7 Rf7 34. Rd8+ 1/2-1/2

[Event "*** Titled Tuesday Blitz"]
[Site "Chess.com"]
[Date "2020.11.10"]
[Round "3"]
[White "Evachess2006"]
[Black "Gulkov_Igor"]
[Result "0-1"]
[WhiteElo "1630"]
[BlackElo "2468"]
[TimeControl "180+1"]
[EndTime "10:30:08 PST"]
[Termination "Gulkov_Igor won on time"]

1. e4 c5 2. c3 Nf6 3. e5 Nd5 4. d4 cxd4 5. cxd4 d6 6. exd6 Qxd6 7. Nf3 Nc6 8. Nc3 g6 9. Be2 Bg7 10. O-O O-O 11. Bg5 h6 12. Bh4 Bf5 13. Bg3 Qd7 14.
Ne5 Nxe5 15. dxe5 Nxc3 16. bxc3 Rac8 17. Qxd7 Bxd7 18. Rac1 Rc5 19. Bf3 Bxe5 20. Bxe5 Rxe5 21. Bxb7 Rb8 22. Rb1 Rc5 23. Rfc1 Bf5 24. Rb3 Be6 25. Rb2 Rc7 26. Rcb1 Kg7 27. Be4 Rxb2 28. Rxb2 Rxc3 29. g3 Ra3 30. Kg2 Rxa2 0-1

[Event "*** Titled Tuesday Blitz"]
[Site "Chess.com"]
[Date "2020.11.10"]
[Round "3"]
[White "AlexeiShirov"]
[Black "Nikithebest"]
[Result "1-0"]
[WhiteElo "2787"]
[BlackElo "2448"]
[TimeControl "180+1"]
[EndTime "10:30:10 PST"]
[Termination "AlexeiShirov won by resignation"]

1. e4 c5 2. Nf3 d6 3. d4 cxd4 4. Nxd4 Nf6 5. Nc3 a6 6. h3 g6 7.
g4 Bg7 8. Be3 b5 9. a4 b4 10.
Nd5 Nxd5 11. exd5 Bb7 12. Bg2 Qc7 13. O-O Nd7 14. c3 bxc3 15. Rc1 Qa5 16. Rxc3 O-O 17.
b4 Qd8 18. Nc6 Qe8 19. Rc2 Rc8 20. Qe2 e6 21. Bg5 f6 22. Qxe6+ Kh8 23. Bf4 Bxc6 24. Qxe8 Rfxe8 25. dxc6 Ne5 26. b5 1-0

[Event "*** Titled Tuesday Blitz"]
[Site "Chess.com"]
[Date "2020.11.10"]
[Round "3"]
[White "r31415"]
[Black "Anton_Demchenko"]
[Result "0-1"]
[WhiteElo "2459"]
[BlackElo "2834"]
[TimeControl "180+1"]
[EndTime "10:30:11 PST"]
[Termination "Anton_Demchenko won by resignation"]

1. e4 e5 2. Nf3 Nc6 3. Bc4 Nf6 4. d3 h6 5. c3 d6 6. Nbd2 g5 7. O-O Bg7 8. Ne1 O-O 9. Nc2 d5 10. exd5 Nxd5 11. Ne4 Nf4 12. d4 Bf5 13. Ng3 Bg6 14. d5 Na5 15. b3 Nxc4 16. bxc4 f5 17.
Ba3 Rf7 18. Qb1 h5 19. Re1 b6 20. Nb4 e4 21. Qc2 Qd7 22. Ne2 Nxe2+ 23. Rxe2 f4 24. Nc6 f3 25. Re3 Qg4 0-1

[Event "*** Titled Tuesday Blitz"]
[Site "Chess.com"]
[Date "2020.11.10"]
[Round "3"]
[White "DrMamaliga"]
[Black "ZenBull"]
[Result "1-0"]
[WhiteElo "2338"]
[BlackElo "2135"]
[TimeControl "180+1"]
[EndTime "10:30:11 PST"]
[Termination "DrMamaliga won by resignation"]

1. c4 Nf6 2. Nf3 e6 3. b3 d5 4.
Bb2 Be7 5. g3 b6 6. Bg2 Bb7 7.
O-O O-O 8. e3 Nbd7 9. Nc3 a6 10.
d3 Bd6 11. Qe2 Qe7 12. e4 dxe4 13. dxe4 e5 14. Rad1 Rad8 15. Nd5 Bxd5 16. exd5 Rfe8 17. Nd2 Nf8 18. Qd3 Ng6 19. Ne4 Nxe4 20. Bxe4 Qf8 21. Rfe1 Re7 22. Re2 Rde8 23. Rde1 Kh8 24. h4 Qg8 25. a3 a5 26. Qc3 f6 27. b4 axb4 28.
axb4 Rd7 29. c5 bxc5 30. bxc5 Bf8 31. d6 cxd6 32. Bc6 Red8 33. Bxd7 Rxd7 34. c6 Rc7 35. Qa5 Qf7 36. Rc2 d5 37. h5 Ra7 38. Qb6 Nf4 39.
gxf4 1-0

[Event "*** Titled Tuesday Blitz"]
[Site "Chess.com"]
[Date "2020.11.10"]
[Round "3"]
[White "Orest_Vovk"]
[Black "AniJak"]
[Result "1-0"]
[WhiteElo "2571"]
[BlackElo "2372"]
[TimeControl "180+1"]
[EndTime "10:30:13 PST"]
[Termination "Orest_Vovk won by resignation"]

1. d4 d5 2. Bf4 Nf6 3. e3 e6 4.
Nf3 Be7 5. Be2 O-O 6. O-O c5 7. c3 Nc6 8. Nbd2 b6 9. a4 a5 10.
h3 Ba6 11. Bxa6 Rxa6 12. Qe2 Ra7 13. Ne5 Nxe5 14. Bxe5 Ne4 15. Nxe4 dxe4 16. Qb5 Rd7 17. Rfd1 f6 18. Bg3 cxd4 19. Rxd4 Rxd4 20. cxd4 Bd6 21. Qc6 Bxg3 22. Qxe6+ Kh8 23. fxg3 Re8 24. Qc6 h6 25. Rc1 Qb8 26. Qc7 Qxc7 27. Rxc7 Re6 28. g4 Kh7 29. Kh2 Kg6 30. Kg3 Kh7 31. Kf4 Kg6 32. h4 Kh7 33.
Kf5 Re8 34. Rb7 Rc8 35. Rxb6 Rc2 36. Kxe4 Rxg2 37. Kf3 Rh2 38. h5 Kg8 39. b4 axb4 40. Rxb4 Ra2 41. Rb8+ Kf7 42. Rb7+ Kf8 43. Ra7 Ra1 44.
a5 Kg8 45. a6 Kh7 46. Ra8 Ra2 47. d5 Ra3 48. d6 Rd3 49. a7 1-0

[Event "*** Titled Tuesday Blitz"]
[Site "Chess.com"]
[Date "2020.11.10"]
[Round "3"]
[White "BJthechessgod"]
[Black "AungTZ"]
[Result "1-0"]
[WhiteElo "2309"]
[BlackElo "2097"]
[TimeControl "180+1"]
[EndTime "10:30:13 PST"]
[Termination "BJthechessgod won by resignation"]

1. e4 c5 2. Nf3 Nc6 3. d4 cxd4 4. Nxd4 Nf6 5. Nc3 d6 6. f3 e5 7. Nb3 Be7 8. Bg5 O-O 9. Bxf6 Bxf6 10. Nd5 Bg5 11.
Bc4 a5 12. a4 Nb4 13. Nxb4 axb4 14. O-O Bd7 15. Qxd6 Bxa4 16. Qxb4 b5 17. Bd5 Rc8 18. c3 Be7 19. Qa5 Qd7 20. Rfd1 Qe8 21. Rd2 Kh8 22.
Nc1 Bc5+ 23. Kh1 Rc7 24. Qxc7 1-0

[Event "*** Titled Tuesday Blitz"]
[Site "Chess.com"]
[Date "2020.11.10"]
[Round "3"]
[White "yuki_chess123"]
[Black "Brave_spirit12"]
[Result "0-1"]
[WhiteElo "2200"]
[BlackElo "2499"]
[TimeControl "180+1"]
[EndTime "10:30:14 PST"]
[Termination "Brave_spirit12 won by resignation"]

1. d4 e6 2. c4 Nf6 3. Nc3 d5 4. cxd5 exd5 5. Bg5 Be7 6. e3 O-O 7. Bd3 c6 8. Qc2 h6 9. Bxf6 Bxf6 10. Nf3 Re8 11. O-O Bg4 12. Nd2 Nd7 13. b4 Be7 14. Rfb1 Bd6 15. Nf1 Nf6 16. b5 Ne4 17. bxc6 bxc6 18.
Nxe4 dxe4 19. Bxe4 Rc8 20. Rb7 Qf6 21. Rc1 c5 22. d5 c4 23. g3 c3 24. Bg2 Bf3 25.
e4 Rxe4 26. Bxf3 Qxf3 27. Rb3 Re2 28. Rxc3 Qxf2+ 0-1

[Event "*** Titled Tuesday Blitz"]
[Site "Chess.com"]
[Date "2020.11.10"]
[Round "3"]
[White "Mr_Heisenberg13"]
[Black "julinha97"]
[Result "1-0"]
[WhiteElo "2495"]
[BlackElo "2177"]
[TimeControl "180+1"]
[EndTime "10:30:15 PST"]
[Termination "Mr_Heisenberg13 won by checkmate"]

1. d4 Nf6 2. c4 g6 3. Nc3 d5 4.
cxd5 Nxd5 5. e4 Nxc3 6. bxc3 Bg7 7. Nf3 c5 8. Rb1 O-O 9. Be2 Nc6 10. d5 Ne5 11. Nxe5 Bxe5 12. Qd2 Qa5 13. Bb2 b6 14. O-O Ba6 15. f4 Bxe2 16. Rf2 Bg7 17. Rxe2 Qxa2 18. Rf1 Qc4 19. f5 a5 20. e5 Rad8 21. Rd1 gxf5 22.
d6 exd6 23. exd6 Rd7 24. Re7 Qb5 25. c4 Qc6 26. Bxg7 Kxg7 27. Qg5+ Kh8 28. Qf6+ Kg8 29. Rd3 f4 30. Qxf4 Rxe7 31. Rg3+ Kh8 32. Qf6# 1-0

[Event "*** Titled Tuesday Blitz"]
[Site "Chess.com"]
[Date "2020.11.10"]
[Round "3"]
[White "B-man"]
[Black "Nemsko"]
[Result "1-0"]
[WhiteElo "2567"]
[BlackElo "2363"]
[TimeControl "180+1"]
[EndTime "10:30:16 PST"]
[Termination "B-man won by resignation"]

1. e4 e5 2. Nc3 Nc6 3. f4 d6 4.
Nf3 Nf6 5. Bb5 Bd7 6. Bxc6 Bxc6 7. d3 Qe7 8. O-O O-O-O 9. Qe1 Kb8 10. a4 h6 11. b4 exf4 12. b5 Bd7 13. Bxf4 Nh5 14. Be3 g5 15. Nd5 Qe6 16. Bxa7+ Kxa7 17. Qa5+ Kb8 18.
Qxc7+ Ka7 19. Qa5+ Kb8 20. Qxd8+ Bc8 21. Qc7+ Ka7 22. Qa5+ Kb8 23. b6 1-0

[Event "*** Titled Tuesday Blitz"]
[Site "Chess.com"]
[Date "2020.11.10"]
[Round "3"]
[White "HouseOfDurin"]
[Black "lucachess49"]
[Result "0-1"]
[WhiteElo "2175"]
[BlackElo "2352"]
[TimeControl "180+1"]
[EndTime "10:30:17 PST"]
[Termination "lucachess49 won by checkmate"]

1. d4 Nf6 2. Bg5 c5 3. Bxf6 gxf6 4. c3 d5 5. e3 Nc6 6. Nd2 Bf5 7. dxc5 e5 8. b4 a5 9. a3 axb4 10. cxb4 h5 11. Bb5 Bg4 12. f3 Be6 13. Ne2 f5 14. O-O Rg8 15. f4 Bh6 16. Kh1 Qh4 17. Nf3 Qf6 18.
Bxc6+ bxc6 19. Nxe5 Qg7 20. Ng3 h4 21. Nh5 Qxg2# 0-1

[Event "*** Titled Tuesday Blitz"]
[Site "Chess.com"]
[Date "2020.11.10"]
[Round "3"]
[White "IMprovidence"]
[Black "mr65"]
[Result "1-0"]
[WhiteElo "2397"]
[BlackElo "2207"]
[TimeControl "180+1"]
[EndTime "10:30:18 PST"]
[Termination "IMprovidence won by resignation"]

1. c4 Nf6 2. g3 g6 3. Bg2 Bg7 4. Nc3 O-O 5. d3 d6 6. Rb1 a5 7.
a3 Nc6 8. b4 axb4 9. axb4 e5 10. b5 Nd4 11. e3 Ne6 12. Nge2 Nh5 13. O-O f5 14. f4 exf4 15. exf4 Nd4 16. Bb2 Re8 17.
Nxd4 Bxd4+ 18. Kh1 Nf6 19. Nd5 Bxb2 20. Rxb2 Ng4 21. h3 Ne3 22. Nxe3 Rxe3 23. Re2 Qe7 24. Rfe1 Rxe2 25. Rxe2 Ra1 26. Rxe7 Rxd1+ 27. Kh2 Rxd3 28. Re8+ Kf7 29. Rxc8 1-0

[Event "*** Titled Tuesday Blitz"]
[Site "Chess.com"]
[Date "2020.11.10"]
[Round "3"]
[White "lelya96"]
[Black "Lady_Nika"]
[Result "1-0"]
[WhiteElo "2219"]
[BlackElo "2379"]
[TimeControl "180+1"]
[EndTime "10:30:20 PST"]
[Termination "lelya96 won by resignation"]

1. e4 e6 2. d4 d5 3. Nc3 Nf6 4. Bg5 Be7 5. e5 Nfd7 6. Bxe7 Qxe7 7. f4 a6 8. Nf3 c5 9. Bd3 Nc6 10. dxc5 Qxc5 11. Qd2 b5 12. O-O-O Bb7 13. Kb1 O-O-O 14. Rhe1 Kb8 15. Bf1 Rc8 16. Nd4 Nb6 17. Nxc6+ Qxc6 18.
Qd4 Rc7 19. g4 Rhc8 20. f5 Nc4 21. Bxc4 bxc4 22. fxe6 fxe6 23. Ne2 Ka8 24. Qc3 Rb8 25. Nd4 Qb6 26. Rf1 Bc8 27. Rf8 Rcb7 28. b3 cxb3 29.
cxb3 Rc7 30. Qb2 Qb4 31. h3 a5 32. Rf4 Qb6 33. Qa3 Ba6 34. Rf8 Rxf8 35. Qxf8+ Ka7 36. Qd6 Qb7 37. Nxe6 Rc6 38. Qxd5 a4 39. Nd8 Bd3+ 40. Qxd3 1-0

[Event "*** Titled Tuesday Blitz"]
[Site "Chess.com"]
[Date "2020.11.10"]
[Round "3"]
[White "BikingBrian"]
[Black "mikheeva86"]
[Result "1-0"]
[WhiteElo "2271"]
[BlackElo "1998"]
[TimeControl "180+1"]
[EndTime "10:30:21 PST"]
[Termination "BikingBrian won on time"]

1. d4 d5 2. Bf4 Bf5 3. e3 e6 4. c4 Nf6 5. Nc3 Bd6 6. Bg5 c6 7. Qb3 b6 8. cxd5 exd5 9. Nf3 O-O 10. Rc1 Re8 11. Be2 h6 12. Bh4 Nbd7 13. O-O Qb8 14. Na4 Qb7 15. Bg3 Bxg3 16. hxg3 Ne4 17. Rfd1 Rac8 18. Nc5 Ndxc5 19. dxc5 Rc7 20. cxb6 Qxb6 21. Qxb6 axb6 22. Nd4 c5 23. Nxf5 g6 24. Nh4 Re5 25.
Nf3 Rf5 26. Bd3 Rf6 27. Bxe4 dxe4 28. Nd2 1-0

[Event "*** Titled Tuesday Blitz"]
[Site "Chess.com"]
[Date "2020.11.10"]
[Round "3"]
[White "DenishevM"]
[Black "youngKID"]
[Result "0-1"]
[WhiteElo "2609"]
[BlackElo "2837"]
[TimeControl "180+1"]
[EndTime "10:30:22 PST"]
[Termination "youngKID won by resignation"]

1. Nf3 Nf6 2. c4 g6 3. Nc3 Bg7 4. e4 d6 5. d4 O-O 6. Be2 a6 7. h3 c6 8. e5 dxe5 9. dxe5 Qxd1+ 10. Bxd1 Nfd7 11. Bf4 Nc5 12. Bc2 a5 13. O-O Be6 14.
b3 Nba6 15. Rad1 a4 16. Nd4 Nb4 17. Bb1 axb3 18. axb3 Ra3 19. Nc2 Nxc2 20. Bxc2 Bxc4 21. Bc1 Rxb3 22. Bxb3 Nxb3 23. Rfe1 b5 24. Bb2 h6 25.
Ne4 Bd5 26. Bd4 Nxd4 27. Rxd4 Bxe5 28. Rdd1 Bxe4 29. Rxe4 Bd6 30. Ra1 b4 31. Ra7 Rb8 32. Kf1 b3 33. Rea4 0-1

[Event "*** Titled Tuesday Blitz"]
[Site "Chess.com"]
[Date "2020.11.10"]
[Round "3"]
[White "enriquetejedor"]
[Black "VladimirBugayev"]
[Result "0-1"]
[WhiteElo "2484"]
[BlackElo "2250"]
[TimeControl "180+1"]
[EndTime "10:30:25 PST"]
[Termination "VladimirBugayev won on time"]

1. e4 c6 2. Nc3 d5 3. Nf3 Bg4 4. h3 Bxf3 5. Qxf3 e6 6. d4 Nf6 7. Bd3 dxe4 8. Nxe4 Qxd4 9. O-O Nbd7 10. c3 Qe5 11. Bf4 Qh5 12. Qg3 Nxe4 13. Bxe4 O-O-O 14. Rfd1 e5 15. Bg5 f6 16. Be3 f5 17. Bf3 Qf7 18.
Bxa7 e4 19. Be2 Bc5 0-1

[Event "*** Titled Tuesday Blitz"]
[Site "Chess.com"]
[Date "2020.11.10"]
[Round "3"]
[White "Nils_03"]
[Black "MarcoRiehle"]
[Result "0-1"]
[WhiteElo "2241"]
[BlackElo "2669"]
[TimeControl "180+1"]
[EndTime "10:30:25 PST"]
[Termination "MarcoRiehle won by resignation"]

1. Nf3 d5 2. g3 c5 3. Bg2 Nc6 4. O-O e5 5. c4 Nge7 6. cxd5 Nxd5 7. Nc3 Be6 8. d3 Be7 9. Bd2 O-O 10. Nxd5 Bxd5 11.
Bc3 f6 12. a4 Qd7 13. a5 b5 14. a6 Rfd8 15. Qc2 Rac8 16. Rfc1 Kh8 17. Qd1 Bf8 18.
Ne1 Be6 19. Nc2 Bb3 20. Qe1 Qf7 21. Ba5 Re8 22. Bc3 Qe6 23. Ne3 Red8 24. Qf1 Nd4 25. Bh3 Nxe2+ 26. Kg2 Qc6+ 27. f3 Nxc1 28. Rxc1 Rc7 29.
Ba5 Rcd7 30. Bxd8 Rxd8 31. Rc3 Be6 32. Bxe6 Qxe6 33. Qa1 b4 34. Qa5 Rd6 35. Rxc5 Rxd3 36. Nd5 Bxc5 37. Qxc5 Qxd5 0-1

[Event "*** Titled Tuesday Blitz"]
[Site "Chess.com"]
[Date "2020.11.10"]
[Round "3"]
[White "Manukyan_Artak"]
[Black "janumber1"]
[Result "1-0"]
[WhiteElo "2335"]
[BlackElo "2125"]
[TimeControl "180+1"]
[EndTime "10:30:25 PST"]
[Termination "Manukyan_Artak won by checkmate"]

1. e4 c5 2. Nf3 e6 3. c3 Nc6 4. d4 cxd4 5. cxd4 d5 6. e5 Nge7 7. Nc3 Nf5 8. Be3 Qb6 9. Qd2 Bb4 10. Bd3 Nxe3 11. fxe3 O-O 12. O-O f6 13. exf6 Rxf6 14.
Kh1 Bd7 15. Ng5 Rxf1+ 16. Rxf1 g6 17. Rf3 e5 18. Qf2 e4 19. Rf7 Bxc3 20. Rxd7 Rf8 21. Rf7 Re8 22. Rxh7 Rf8 23. Rf7 Qb4 24. Qf6 Bxd4 25.
Qxg6+ Kh8 26. Qh7# 1-0